 Dungeon Crawl Stone Soup version 0.29-a0-824-gd827844252 (webtiles) character file.

Game seed: 3235028632958380911

2 Morbidden the Conjurer (level 1, -1/13 HPs)
             Began as a Demonspawn Conjurer on July 9, 2022.
             Slain by a jackal (3 damage)
             ... on level 1 of the Dungeon.
             The game lasted 00:00:21 (138 turns).

Morbidden the Conjurer (Demonspawn Conjurer)         Turns: 138, Time: 00:00:21

Health: -1/13      AC:  2    Str:  7    XL:     1   Next: 33%
Magic:  0/3        EV: 12    Int: 19    God:
Gold:   14         SH:  0    Dex: 11    Spells: 3/4 levels left

rFire   . . .      SeeInvis .   (no weapon)
rCold   . . .      Faith    .   (no shield)
rNeg    . . .      Spirit   .   a - +0 robe
rPois   .          Reflect  .   (no helmet)
rElec   .          Harm     .   (no cloak)
rCorr   .          Rampage  .   (no gloves)
Will    .....                   (no boots)
Stlth   ++........              (no amulet)
HPRegen 0.04/turn               (no ring)
MPRegen 0.08/turn               (no ring)

@: no status effects
A: no striking features
a: no special abilities


You were on level 1 of the Dungeon.
You visited 1 branch of the dungeon, and saw 1 of its levels.

You collected 14 gold pieces.

Inventory:

Armour
 a - a +0 robe (worn)
Scrolls
 c - a scroll of identify {unknown}
Potions
 b - a potion of magic


   Skills:
 + Level 1.7 Dodging
 * Level 1.7 Stealth
 * Level 2.0 Spellcasting
 * Level 4.1 Conjurations


You had 3 spell levels left.
You knew the following spells:

 Your Spells              Type           Power      Damage    Failure   Level
a - Magic Dart            Conj           68%        1d6       3%          1

Your spell library contained the following spells:

 Spells                   Type           Power      Damage    Failure   Level
 Searing Ray              Conj           34%        2d5       4%          2
 Dazzling Flash           Conj/Hex       18%        N/A       22%         3
 Fulminant Prism          Conj/Hex       4%         3d6       58%         4
 Iskenderun's Mystic Bla  Conj/Tloc      9%         2d4       58%         4


Dungeon Overview and Level Annotations

Branches:
Dungeon (1/15)

Altars:


Message History

You barely miss the jackal.
The jackal is severely wounded.
The jackal closely misses you.
You hit the jackal but do no damage.
The jackal is severely wounded.
The jackal closely misses you. The jackal bites you.
You hit the jackal but do no damage.
The jackal is severely wounded.
The jackal misses you.
Casting: Magic Dart (safe; 3% risk of failure)
Confirm with . or Enter, or press ? or * to list all spells.
Aiming: Magic Dart (safe; 3% risk of failure)
Press: ? - help, Shift-Dir - straight line, f/p - jackal
Aim: a jackal (severely wounded, 100% to hit)
The magic dart hits the jackal.
You kill the jackal!
The jackal closely misses you.
You miss the jackal. The jackal bites you.
Unknown command.
You closely miss the jackal. The jackal misses you.
You closely miss the jackal. The jackal bites you.
The jackal barely misses you.
You barely miss the jackal. The jackal closely misses you.
You hit the jackal but do no damage. The jackal misses you.
The jackal completely misses you.
Unknown command.
Casting: Magic Dart (safe; 3% risk of failure)
Confirm with . or Enter, or press ? or * to list all spells.
Aiming: Magic Dart (safe; 3% risk of failure)
Press: ? - help, Shift-Dir - straight line, f - jackal
Aim: a jackal (100% to hit)
The magic dart hits the jackal but does no damage.
The jackal bites you.
You closely miss the jackal. The jackal bites you.
* * * LOW HITPOINT WARNING * * *
Unknown command.
You hit the jackal.
The jackal is lightly wounded.
The jackal bites you.
You die...

.## #..# ..###..#
...##..# #...#..#
##.....### ##....#.##
##...#..#
##..#..##############
##.#......hh@.......
######.#..#######.......
..........# .......
.........h#######.......
........................
.##.....###.............
########..#####.......
#### ##..## .......
#..#####..##


You could see 2 jackals.

Vanquished Creatures
  2 jackals (D:1)
2 creatures vanquished.

Notes
Turn   | Place    | Note
-------+----------+-------------------------------------------
     0 | D:1      | Morbidden the Demonspawn Conjurer began the quest for the
                  | Orb.
     0 | D:1      | Reached XP level 1. HP: 13/13 MP: 3/3
   138 | D:1      | Slain by a jackal

Illustrated notes

Levels and vault maps discovered:
D:1:      dpeg_arrival_triangle_fractal, layout_rooms,
          shapermc_ecumenical_altar_venn, serial_shops, nicolae_shop_trees

Action                   || total
-------------------------++-------
Melee: Unarmed           ||    14
 Cast: Magic Dart        ||     7
Armor: Robe              ||     1
Dodge: Dodged            ||    18

Table legend: (Time is in decaauts)
 A = Elapsed time spent in this place.
 B = Non-inter-level travel time spent in this place.
 C = Inter-level travel time spent in this place.
 D = Time resting spent in this place.
 E = Time spent auto-exploring this place.
 F = Levels seen in this place.
 G = Mean time per level.
                   A        B        C        D        E       F      G
               +--------+--------+--------+--------+--------+-----+--------+
         Total |    138 |    138 |      0 |      0 |     89 |   1 |  138.0 |
       Dungeon |    138 |    138 |      0 |      0 |     89 |   1 |  138.0 |
               +--------+--------+--------+--------+--------+-----+--------+

Top non-repeatable levels by time:
     D:1: 138 daAuts
